 Dungeon Crawl Stone Soup version 0.31-a0-750-gfe7b580527 (webtiles) character file.

Game seed: 2801495184970794985

30 ooooo the Conjurer (level 3, -4/23 HPs)
             Began as an Octopode Conjurer on Sept 15, 2023.
             Succumbed to Robin's poison
             ... on level 3 of the Dungeon.
             The game lasted 00:03:00 (1494 turns).

ooooo the Conjurer (Octopode Conjurer)              Turns: 1494, Time: 00:03:01

Health: -4/23      AC:  1    Str: 12    XL:     3   Next: 20%
Magic:  6/6        EV:  8    Int: 22    God:
Gold:   106        SH: 10    Dex: 10    Spells: 3/6 levels left

rFire   . . .        l - +0 dagger
rCold   . . .        k - +0 tower shield
rNeg    . . .        (helmet restricted)
rPois   .            (no amulet)
rElec   .            o - +6 ring of strength
rCorr   .            (no ring)
SInv    .            (no ring)
Will    .....        (no ring)
Stlth   +++          (no ring)
HPRegen 0.23/turn    (no ring)
MPRegen 0.10/turn    (no ring)
                     (no ring)

%: no passive effects
@: mighty, lethally poisoned (-4 -> -26), invisible
A: almost no armour, amphibious, 8 rings, camouflage 1, gelatinous body 1,
(nimble swimmer 1), tentacles
a: no special abilities


You were on level 3 of the Dungeon.
You visited 1 branch of the dungeon, and saw 3 of its levels.

You collected 106 gold pieces.

Inventory:

Hand Weapons
 l - a +0 dagger (weapon)
Armour
 k - a +0 tower shield (worn)
Magical Staves
 t - a staff of fire
Jewellery
 o - a +6 ring of strength (left tentacle)
 s - an amulet of the acrobat
Scrolls
 b - 2 scrolls of identify {unknown}
 c - 3 scrolls of revelation {unknown}
 d - a scroll of enchant armour {unknown}
 f - 2 scrolls of vulnerability {unknown}
 g - a scroll of fog {unknown}
 i - a scroll of teleportation {unknown}
 m - a scroll of noise {unknown}
 n - a scroll of blinking {unknown}
 p - a scroll of immolation {unknown}
 q - a scroll of brand weapon {unknown}
 r - a scroll of summoning {unknown}
Potions
 a - a potion of magic
 h - a potion of invisibility
 j - 2 potions of curing {unknown}


   Skills:
 + Level 1.1 Fighting
 + Level 2.4 Dodging
 + Level 3.3 Stealth
 + Level 0.1 Shields
 - Level 2.0 Spellcasting
 - Level 4.0 Conjurations
 + Level 1.1 Hexes


You had 3 spell levels left.
You knew the following spells:

 Your Spells              Type           Power      Damage    Failure   Level
a - Magic Dart            Conj           76%        1d6       63%         1
b - Searing Ray           Conj           38%        2d5       77%         2

Your spell library contained the following spells:

 Spells                   Type           Power      Damage    Failure   Level
 Dazzling Flash           Conj/Hex       26%        N/A       99%         3
 Fulminant Prism          Conj/Hex       6%         3d7       100%        4
 Iskenderun's Mystic Bla  Conj/Tloc      11%        2d4       100%        4


Dungeon Overview and Level Annotations

Branches:
Dungeon (3/15) Zot: 16491

Altars:

Annotations:
D:3 Robin


Innate Abilities, Weirdness & Mutations

You cannot wear most types of armour.
You are amphibious.
You can wear up to eight rings at the same time.
Your skin changes colour to match your surroundings (Stealth+).
Your rubbery body absorbs attacks. (AC +1, EV +1)
((You are camouflaged when in or above water. (Stealth+)))
You have tentacles for arms and can constrict up to eight enemies at once.


Message History

A rat comes into view.
A hobgoblin comes into view.
Found a stone staircase leading down.
You block the rat's attack.
You hit the rat.
You kill the rat!
The helpless hobgoblin fails to defend itself.
You puncture the hobgoblin!
You kill the hobgoblin!
No target in view!
No target in view!
Okay, then.
Robin shouts!
You hear a shout! x2
Robin hits you from afar with a +2 spear of venom.
You are poisoned.
You hear a shout! x2
You feel sick.
The goblin shouts!
The hobgoblin shouts!
Robin roars a battlecry!
The goblins go into a battle-frenzy!
You hear a shout! x2
You feel sick. Robin barely misses you.
You feel sick. Robin attacks as they pursues you!
Robin hits you from afar with a +2 spear of venom.
You are more poisoned.
You feel sick. Robin attacks as they pursues you!
Robin hits you from afar with a +2 spear of venom.
You are lethally poisoned!
You aren't carrying any items that you can evoke.
Unknown command.
It was a potion of might.
You feel very mighty all of a sudden.
* * * LOW HITPOINT WARNING * * *
You feel very sick.
Robin hits you from afar with a +2 spear of venom.
* * * LOW HITPOINT WARNING * * *
You are more poisoned.
It was a potion of invisibility.
You fade into invisibility!
You die...

########## ###########
#..g.@...# #^.......#.
#.######.###.###..#...
#g #.##.........#. #.#
#.##..###...... # #g#
# #......###....# #.
g.. g# ####..## #.#..#
#.##g##.## #.## ##.#.#
#..gg..gg# ###.###
##... #.....g.#
#....># ...


You could see Robin (unable to see you).

Vanquished Creatures
  A worm (D:2)
  4 ball pythons
  3 giant cockroaches
  3 goblins (D:1)
  2 hobgoblins
  5 kobolds
  A quokka (D:1)
  A bat (D:1)
  2 frilled lizards
  5 rats
27 creatures vanquished.

Notes
Turn   | Place    | Note
-------+----------+-------------------------------------------
     0 | D:1      | ooooo the Octopode Conjurer began the quest for the Orb.
     0 | D:1      | Reached XP level 1. HP: 11/11 MP: 3/3
   300 | D:1      | Reached XP level 2. HP: 18/18 MP: 1/5
   303 | D:1      | Learned a level 2 spell: Searing Ray
   817 | D:2      | Reached skill level 1 in Hexes
   854 | D:2      | Reached skill level 1 in Fighting
   912 | D:2      | Reached XP level 3. HP: 23/23 MP: 6/6
  1388 | D:3      | Noticed Robin
  1493 | D:3      | HP: 1/23 [Robin/+2 spear of venom (4)]
  1494 | D:3      | Succumbed to Robin's poison

Illustrated notes

Levels and vault maps discovered:
D:1:      dpeg_arrival_castle, layout_rooms, minmay_tiny_reverse_x
D:2:      layout_basic
D:3:      minmay_razor_zed, layout_loops_cross,
          nicolae_overflow_ecumenical_swirl, uniq_robin

Skill      XL: |  1  2 |
---------------+-------+-----
Stealth        | 3 |  3.3
Hexes          | 1 |  1.1
Fighting       | 1 |  1.1
Dodging        | |  2.4
Shields        | |  0.1
Spellcasting   | |  2.0
Conjurations   | |  4.0

Action                     || total
---------------------------++-------
  Melee: Unarmed           ||    12
         Dagger            ||    16
         Constrict         ||     5
         Tentacles         ||     3
   Cast: Magic Dart        ||    24
    Use: Potion            ||     2
   Stab: Sleeping          ||     5
 Armour: Skin              ||    17
  Dodge: Dodged            ||     9
  Block: Tower shield      ||    11

Table legend: (Time is in decaauts)
 A = Elapsed time spent in this place.
 B = Non-inter-level travel time spent in this place.
 C = Inter-level travel time spent in this place.
 D = Time resting spent in this place.
 E = Time spent auto-exploring this place.
 F = Levels seen in this place.
 G = Mean time per level.
                   A        B        C        D        E       F      G
               +--------+--------+--------+--------+--------+-----+--------+
         Total |   1508 |   1388 |    120 |      7 |   1160 |   3 |  502.7 |
       Dungeon |   1508 |   1388 |    120 |      7 |   1160 |   3 |  502.7 |
               +--------+--------+--------+--------+--------+-----+--------+

Top non-repeatable levels by time:
     D:2: 836 daAuts
     D:1: 614 daAuts
     D:3: 57 daAuts
